3L
CHICAGO HAWKS @ PANAMA CITY PIRANHAS
05/26/2019
 
TOP OF THE 1ST
Chicago Hawks batting - Pitching for Panama City Piranhas : LHP Mike Benjamin
Pitching: LHP Mike Benjamin
Batting: LHB Motoshige Kitamura 0-0: Ball
1-0: Ball
2-0: Ground out 4-3 (Groundball, 34)
Batting: RHB Ed Whitaker 0-0: Ball
1-0: Swinging Strike
1-1: Ball
2-1: Ball
3-1: Foul Ball, location: 2F
3-2: Fly out, F8 (Flyball, 8LM)
Batting: LHB Mal Wadley 0-0: Foul Ball, location: 2F
0-1: Fly out, F4 (Popup, 34D)
Top of the 1st over - 0 run(s), 0 hit(s), 0 error(s), 0 left on base; Chicago 0 - Panama City 0
BOTTOM OF THE 1ST
Panama City Piranhas batting - Pitching for Chicago Hawks : RHP Jeff Reynolds
Pitching: RHP Jeff Reynolds
Batting: LHB Miguel Martínez 0-0: Called Strike
0-1: DOUBLE (Flyball, 8LD)
Batting: RHB Joel Lee 0-0: Ball
1-0: Swinging Strike
1-1: Swinging Strike
1-2: Ground out 6-3 (Groundball, 6M)
Miguel Martínez to third
Batting: SHB Marc Talamante 0-0: Ball
Wild Pitch!
Miguel Martínez scores
1-0: Fly out, F8 (Flyball, 8RXD)
Batting: RHB Harvey Porter 0-0: Called Strike
0-1: Ball
1-1: Called Strike
1-2: SINGLE (Flyball, 7S)
Batting: SHB Theodore Buck 0-0: Called Strike
0-1: Ball
1-1: Ball
2-1: Ground out U3 (Groundball, 3)
Bottom of the 1st over - 1 run(s), 2 hit(s), 0 error(s), 1 left on base; Chicago 0 - Panama City 1
TOP OF THE 2ND
Chicago Hawks batting - Pitching for Panama City Piranhas : LHP Mike Benjamin
Batting: RHB Bryan Manning 0-0: Ball
1-0: Ball
2-0: Foul Ball, location: 2F
2-1: Fly out, F7 (Flyball, 7S)
Batting: RHB Joe Guy 0-0: Ball
1-0: Foul Ball, location: 2F
1-1: Fly out, F5 (Popup, 5F)
Batting: RHB Ji-chol Yang 0-0: Swinging Strike
0-1: Fly out, F8 (Flyball, 89M)
Top of the 2nd over - 0 run(s), 0 hit(s), 0 error(s), 0 left on base; Chicago 0 - Panama City 1
BOTTOM OF THE 2ND
Panama City Piranhas batting - Pitching for Chicago Hawks : RHP Jeff Reynolds
Batting: LHB Francisco Sánchez 0-0: Foul Ball, location: 2F
0-1: SINGLE (Line Drive, 7S)
Batting: RHB William Hull 0-0: Called Strike
0-1: Ball
1-1: Ball
2-1: Called Strike
2-2: Ball
3-2: Ground out 5-3 (Groundball, 5S)
Francisco Sánchez to second
Batting: LHB Arturo Guzmán 0-0: Ball
1-0: Ball
2-0: SINGLE (Line Drive, 3D)
Francisco Sánchez to third
Batting: LHB Mike Benjamin 0-0: Fly out, F4 (Popup, 34)
Batting: LHB Miguel Martínez 0-0: Foul Ball, location: 2F
0-1: Swinging Strike
0-2: Strikes out swinging
Bottom of the 2nd over - 0 run(s), 2 hit(s), 0 error(s), 2 left on base; Chicago 0 - Panama City 1
TOP OF THE 3RD
Chicago Hawks batting - Pitching for Panama City Piranhas : LHP Mike Benjamin
Batting: RHB Ted Young 0-0: Foul Ball, location: 2F
0-1: Ball
1-1: Swinging Strike
1-2: Strikes out swinging
Batting: RHB Steve Ormston 0-0: Ground out 5-3 (Groundball, 56)
Batting: RHB Jeff Reynolds 0-0: Fly out, F7 (Line Drive, 7LD)
Top of the 3rd over - 0 run(s), 0 hit(s), 0 error(s), 0 left on base; Chicago 0 - Panama City 1
BOTTOM OF THE 3RD
Panama City Piranhas batting - Pitching for Chicago Hawks : RHP Jeff Reynolds
Batting: RHB Joel Lee 0-0: Ball
1-0: Called Strike
1-1: Foul Ball, location: 2F
1-2: Strikes out looking
Batting: SHB Marc Talamante 0-0: Ball
1-0: Ball
2-0: Called Strike
2-1: Fly out, F9 (Flyball, 9LM)
Batting: RHB Harvey Porter 0-0: Foul Ball, location: 2F
0-1: Called Strike
0-2: Ball
1-2: Foul Ball, location: 2F
1-2: Foul Ball, location: 2F
1-2: Ball
2-2: Ball
3-2: Fly out, F7 (Flyball, 7M)
Bottom of the 3rd over - 0 run(s), 0 hit(s), 0 error(s), 0 left on base; Chicago 0 - Panama City 1
TOP OF THE 4TH
Chicago Hawks batting - Pitching for Panama City Piranhas : LHP Mike Benjamin
Batting: LHB Motoshige Kitamura 0-0: Ground out 3-1 (Groundball, 34)
Batting: RHB Ed Whitaker 0-0: Foul Ball, location: 2F
0-1: Ball
1-1: Foul Ball, location: 2F
1-2: Ball
2-2: Foul Ball, location: 2F
2-2: SINGLE (Line Drive, 6M)
Batting: LHB Mal Wadley 0-0: DOUBLE (Line Drive, 3L)
Ed Whitaker to third
Batting: RHB Bryan Manning 0-0: Ball
1-0: Ball
2-0: Foul Ball, location: 2F
2-1: Ball
3-1: Swinging Strike
3-2: Strikes out swinging
Batting: RHB Joe Guy 0-0: Ball
1-0: Fly out, F3 (Popup, 3)
Top of the 4th over - 0 run(s), 2 hit(s), 0 error(s), 2 left on base; Chicago 0 - Panama City 1
BOTTOM OF THE 4TH
Panama City Piranhas batting - Pitching for Chicago Hawks : RHP Jeff Reynolds
Batting: SHB Theodore Buck 0-0: Ball
1-0: Foul Ball, location: 2F
1-1: Called Strike
1-2: Ball
2-2: Ball
3-2: Fly out, F7 (Line Drive, 7M)
Batting: LHB Francisco Sánchez 0-0: Called Strike
0-1: Ball
1-1: Foul Ball, location: 2F
1-2: Fly out, F8 (Flyball, 8LM)
Batting: RHB William Hull 0-0: Fly out, F4 (Popup, 3F)
Bottom of the 4th over - 0 run(s), 0 hit(s), 0 error(s), 0 left on base; Chicago 0 - Panama City 1
TOP OF THE 5TH
Chicago Hawks batting - Pitching for Panama City Piranhas : LHP Mike Benjamin
Batting: RHB Ji-chol Yang 0-0: Ball
1-0: Fly out, F7 (Line Drive, 7M)
Batting: RHB Ted Young 0-0: Ball
1-0: Called Strike
1-1: Swinging Strike
1-2: SINGLE (Groundball, 4MD)
Batting: RHB Steve Ormston 0-0: SINGLE (Line Drive, 34)
Ted Young to second
Batting: RHB Jeff Reynolds 0-0: Reached on error, E2 (Groundball, 25)
Ted Young scores
Steve Ormston to third
Batting: LHB Motoshige Kitamura 0-0: Foul Ball, location: 2F
0-1: Fly out, F7 (Line Drive, 7LM)
Runner from 3rd tags up, OUT at HOME
Top of the 5th over - 1 run(s), 2 hit(s), 1 error(s), 1 left on base; Chicago 1 - Panama City 1
BOTTOM OF THE 5TH
Panama City Piranhas batting - Pitching for Chicago Hawks : RHP Jeff Reynolds
Batting: LHB Arturo Guzmán 0-0: Ball
1-0: Ball
2-0: Ball
3-0: Base on Balls
Batting: LHB Mike Benjamin 0-0: Sac Bunt - play at first, batter OUT! 5-4
Arturo Guzmán to second
Batting: LHB Miguel Martínez 0-0: Called Strike
0-1: Ball
1-1: Ball
2-1: Ball
3-1: Base on Balls
Batting: RHB Joel Lee 0-0: Called Strike
0-1: Swinging Strike
0-2: Ball
1-2: Foul Ball, location: 2F
1-2: Fly out, F9 (Flyball, 9S)
Batting: SHB Marc Talamante 0-0: Called Strike
0-1: Called Strike
0-2: Strikes out looking
Bottom of the 5th over - 0 run(s), 0 hit(s), 0 error(s), 2 left on base; Chicago 1 - Panama City 1
TOP OF THE 6TH
Chicago Hawks batting - Pitching for Panama City Piranhas : LHP Mike Benjamin
Batting: RHB Ed Whitaker 0-0: Called Strike
0-1: Called Strike
0-2: Foul Ball, location: 2F
0-2: Ball
1-2: Ball
2-2: Ground out 5-3 (Groundball, 56)
Batting: LHB Mal Wadley 0-0: Fly out, F9 (Line Drive, 89S)
Batting: RHB Bryan Manning 0-0: Called Strike
0-1: Ball
1-1: DOUBLE (Flyball, 78XD)
Batting: RHB Joe Guy 0-0: Foul Ball, location: 2F
0-1: 2-RUN HOME RUN (Flyball, 78XD), Distance : 395 ft
Batting: RHB Ji-chol Yang 0-0: Swinging Strike
0-1: Ball
1-1: Foul Ball, location: 2F
1-2: Ball
2-2: Ball
3-2: Strikes out swinging
Top of the 6th over - 2 run(s), 2 hit(s), 0 error(s), 0 left on base; Chicago 3 - Panama City 1
BOTTOM OF THE 6TH
Panama City Piranhas batting - Pitching for Chicago Hawks : RHP Jeff Reynolds
Batting: RHB Harvey Porter 0-0: Called Strike
0-1: DOUBLE (Flyball, 78XD)
Batting: SHB Theodore Buck 0-0: Ball
1-0: Called Strike
1-1: Called Strike
1-2: Fly out, F9 (Flyball, 9S)
Batting: LHB Francisco Sánchez 0-0: Ball
1-0: Ball
2-0: Fly out, F7 (Flyball, 7LM)
Batting: RHB William Hull 0-0: Reached on error, E4 (Groundball, 4)
Harvey Porter scores
Batting: LHB Arturo Guzmán 0-0: Intentional Walk
Batting: LHB Mike Benjamin 0-0: Ball
1-0: Ball
2-0: Ball
3-0: Base on Balls
William Hull to third
Arturo Guzmán to second
Batting: LHB Miguel Martínez 0-0: Called Strike
0-1: Foul Ball, location: 2F
0-2: Strikes out swinging
Bottom of the 6th over - 1 run(s), 1 hit(s), 1 error(s), 3 left on base; Chicago 3 - Panama City 2
TOP OF THE 7TH
Chicago Hawks batting - Pitching for Panama City Piranhas : LHP Mike Benjamin
Batting: RHB Ted Young 0-0: Ball
1-0: Swinging Strike
1-1: Swinging Strike
1-2: Strikes out swinging
Batting: RHB Steve Ormston 0-0: Ball
1-0: Called Strike
1-1: Called Strike
1-2: Ball
2-2: Strikes out swinging
Batting: RHB Jeff Reynolds 0-0: Fly out, F5 (Line Drive, 5)
Top of the 7th over - 0 run(s), 0 hit(s), 0 error(s), 0 left on base; Chicago 3 - Panama City 2
BOTTOM OF THE 7TH
Panama City Piranhas batting - Pitching for Chicago Hawks : RHP Jeff Reynolds
Batting: RHB Joel Lee 0-0: Called Strike
0-1: Swinging Strike
0-2: Ball
1-2: Ground out 4-3 (Groundball, 4)
Batting: SHB Marc Talamante 0-0: Ball
1-0: Called Strike
1-1: Foul Ball, location: 2F
1-2: Foul Ball, location: 2F
1-2: Ball
2-2: SINGLE (Groundball, 5S) (infield hit)
Pinch Hitting: RHB Pete Knight 0-0: Called Strike
0-1: Ball
1-1: Foul Ball, location: 2F
1-2: SINGLE (Line Drive, 4D)
Marc Talamante to second
Pinch Hitting: LHB Steve Grimes 0-0: Foul Ball, location: 2F
0-1: Ball
1-1: Ball
2-1: Foul Ball, location: 2F
2-2: Foul Ball, location: 2F
2-2: Ball
3-2: Foul Ball, location: 2F
3-2: Foul Ball, location: 2F
3-2: Foul Ball, location: 2F
3-2: Grounds into double play, 3-6-1 (Groundball, 3)
Bottom of the 7th over - 0 run(s), 2 hit(s), 0 error(s), 1 left on base; Chicago 3 - Panama City 2
TOP OF THE 8TH
Chicago Hawks batting - Pitching for Panama City Piranhas : LHP Mike Benjamin
Now at 3B: Hal Romaine
Now in RF: Steve Grimes
Batting: LHB Motoshige Kitamura 0-0: Called Strike
0-1: Ball
1-1: Foul Ball, location: 2F
1-2: Ball
2-2: Ball
3-2: Foul Ball, location: 2F
3-2: Foul Ball, location: 2F
3-2: Fly out, F7 (Line Drive, 78S)
Batting: RHB Ed Whitaker 0-0: Called Strike
0-1: Ball
1-1: Ball
2-1: Ball
3-1: Called Strike
3-2: Base on Balls
Batting: LHB Mal Wadley 0-0: Called Strike
0-1: Swinging Strike
0-2: Fly out, F9 (Flyball, 89D)
Batting: RHB Bryan Manning 0-0: Fielders Choice at 2nd, 5-4 (Groundball, 56)
Top of the 8th over - 0 run(s), 0 hit(s), 0 error(s), 0 left on base; Chicago 3 - Panama City 2
BOTTOM OF THE 8TH
Panama City Piranhas batting - Pitching for Chicago Hawks : RHP Jeff Reynolds
Pitching: RHP Jim Dixon
Now at 1B: Bobby Moore
Batting: LHB Francisco Sánchez 0-0: Swinging Strike
0-1: Ground out 4-3 (Groundball, 34)
Batting: RHB William Hull 0-0: Called Strike
0-1: Foul Ball, location: 2F
0-2: Foul Ball, location: 2F
0-2: Ball
1-2: Strikes out swinging
Pitching: LHP Tim Powell
Batting: LHB Arturo Guzmán 0-0: Ball
1-0: Ball
2-0: Foul Ball, location: 2F
2-1: Fly out, F9 (Line Drive, 9M)
Bottom of the 8th over - 0 run(s), 0 hit(s), 0 error(s), 0 left on base; Chicago 3 - Panama City 2
TOP OF THE 9TH
Chicago Hawks batting - Pitching for Panama City Piranhas : LHP Mike Benjamin
Batting: RHB Joe Guy 0-0: Called Strike
0-1: Foul Ball, location: 2F
0-2: Ball
1-2: Ball
2-2: Foul Ball, location: 2F
2-2: Ball
3-2: SINGLE (Groundball, 4MD)
Pinch Hitting: RHB Francisco González 0-0: Called Strike
0-1: DOUBLE (Line Drive, 3D)
Joe Guy to third
Runner from 3rd tries for Home, SAFE, no throw or cutoff
Batting: RHB Ted Young 0-0: Ball
1-0: Called Strike
1-1: Called Strike
1-2: Foul Ball, location: 2F
1-2: Strikes out swinging
Pitching: RHP Rubén Ramírez
Now at 2B: Jeff Bass
Batting: RHB Steve Ormston 0-0: Ball
1-0: Called Strike
1-1: Foul Ball, location: 2F
1-2: Strikes out looking
Pinch Hitting: SHB Esteban Márquez 0-0: Ball
1-0: Fly out, F8 (Flyball, 8RXD)
Top of the 9th over - 1 run(s), 2 hit(s), 0 error(s), 1 left on base; Chicago 4 - Panama City 2
BOTTOM OF THE 9TH
Panama City Piranhas batting - Pitching for Chicago Hawks : LHP Tim Powell
Pitching: RHP Irving Hansen
Now at 2B: Francisco González
Batting: RHB Jeff Bass 0-0: Ball
1-0: Called Strike
1-1: Ball
2-1: Ball
3-1: Called Strike
3-2: SINGLE (Groundball, 6MD)
Batting: LHB Miguel Martínez 0-0: Ball
1-0: Ball
2-0: Foul Ball, location: 2F
2-1: Ball
3-1: Fly out, F6 (Popup, 6D)
Batting: RHB Joel Lee 0-0: Ball
1-0: Fly out, F3 (Line Drive, 34)
Batting: SHB Marc Talamante 0-0: Fly out, F8 (Flyball, 8LM)
Bottom of the 9th over - 0 run(s), 1 hit(s), 0 error(s), 1 left on base; Chicago 4 - Panama City 2
This league is powered by Out of the Park Baseball, the baseball management simulation game for PC, Mac and Linux
Saturday, July 25th, 2015 - OOTP Baseball 15.6 Build 34